 Dungeon Crawl Stone Soup version 0.29-a0-582-ge82337ba6a (webtiles) character file.

Game seed: 10537151256848302117

415 spaghetti the Ruffian (level 6, -7/33 HPs)
             Began as a Vine Stalker Berserker on June 14, 2022.
             Was a Priest of Trog.
             Mangled by an orc warrior
             ... wielding a +0 halberd
              (15 damage)
             ... on level 6 of the Dungeon.
             The game lasted 00:07:32 (3324 turns).

spaghetti the Ruffian (Vine Stalker Berserker)      Turns: 3324, Time: 00:07:32

Health: -7/33      AC:  3    Str: 22    XL:     6   Next: 91%
Magic:  0/7        EV: 12    Int:  7    God:    Trog [***...]
Gold:   132        SH:  0    Dex: 13    Spells: 5/5 levels left

rFire   . . .      SeeInvis .     - Unarmed
rCold   . . .      Faith    .   (no shield)
rNeg    . . .      Spirit   +   r - +0 robe of Reason {Will+}
rPois   .          Reflect  .   (no helmet)
rElec   .          Harm     .   (no cloak)
rCorr   .          Rampage  .   (no gloves)
Will    +....                   w - +0 pair of boots
Stlth   +.........              u - amulet of magic regeneration {@e2}
HPRegen 0.91/turn               (no ring)
MPRegen 0.50/turn               (no ring)

@: on berserk cooldown, slowed, very slow
A: fangs 2, regeneration 1, magic shield, antimagic bite, no potion heal 2
a: Renounce Religion, Berserk, Trog's Hand


You were on level 6 of the Dungeon.
You worshipped Trog.
Trog was most pleased with you.
You visited 1 branch of the dungeon, and saw 5 of its levels.

You collected 132 gold pieces.


Innate Abilities, Weirdness & Mutations

You have extremely sharp teeth.
Your natural rate of healing is unusually fast.
When hurt, damage is shared between your health and your magic reserves.
Your bite disrupts and absorbs the magic of your enemies.
Potions cannot restore your health.


   Skills:
 + Level 3.9 Fighting
 + Level 2.1 Throwing
 + Level 2.9 Armour
 + Level 3.0 Dodging
 + Level 4.3 Unarmed Combat


You had 5 spell levels left.
You didn't know any spells.
Your spell library was empty.

Inventory:

Missiles
 h - 133 stones (quivered) {throwing}
 o - 6 poisoned darts {throwing}
Armour
 a - a +0 animal skin
 r - the +0 robe of Reason (worn) {Will+}
   (You found it on level 2 of the Dungeon)

   Will:      It increases your willpower.
 w - a +0 pair of boots (worn)
   (You found it on level 3 of the Dungeon)
Jewellery
 c - a ring of wizardry
   (You found it on level 1 of the Dungeon)
 u - an amulet of magic regeneration (around neck) {@e2}
   (You found it on level 3 of the Dungeon)
Scrolls
 b - a scroll of silence {!r}
 e - 2 scrolls of amnesia
 j - a scroll of blinking {!r}
 q - a scroll of fog
 s - 3 scrolls of immolation {unknown}
 t - 2 scrolls of magic mapping {!r}
Potions
 d - 3 potions of heal wounds {unknown}
 f - 3 potions of attraction {unknown}
 g - a potion of berserk rage {!q}
 i - a potion of cancellation {unknown}
 k - a potion of resistance {unknown}
 l - 2 potions of flight {unknown}
 m - 2 potions of invisibility {unknown}
 n - a potion of lignification {unknown}
 p - a potion of curing {unknown}
 v - a potion of brilliance {unknown}

Dungeon Overview and Level Annotations

Branches:
Dungeon (6/15)
 Temple: D:4-7

Altars:

##########...##
.......##..<..## .
...#.#.......## #
>..#.#..........#
#...[.............+
.. ...#..........#
#. #.#.......##
#.##.###.##.....##
#...oo@o)###...##
####.####.....## #
.###.# .# #.# .#
#.# .. .. ##


You could see an orc warrior and 2 orcs.


Message History

You are too injured to fight recklessly!
You are too injured to fight recklessly!
Unknown command.
Unknown command.
A red film seems to cover your vision as you go berserk!
You feel yourself moving faster!
You feel mighty! The orc wizard completely misses you.
The black bear bites you. The black bear closely misses you.
The black bear barely misses you. 😮 HP[+9] MP[-1]
You now have 48 max hp (+16).
You regained 9 hp, and now have 35/48 hp.
You lost 1 mp, and now have 5/7 mp.
You punch the orc wizard!
The orc wizard hits you with a +0 dagger.
The black bear closely misses you.
The black bear claws you but does no damage.
The black bear claws you.
An orc wizard comes into view.
It is wielding a +0 dagger. 😮 HP[-3] MP[+1]
You take 3 damage, and now have 32/48 hp.
You punch the orc wizard!
You kill the orc wizard!
Trog accepts your kill.
Trog appreciates your killing of a magic user.
The black bear barely misses you. The black bear claws you.
The black bear closely misses you. 😮 HP[-2]
You now have 49 max hp (+1).
You take 2 damage, and now have 30/49 hp.
You punch the black bear! 😮 HP[+1]
You closely miss the black bear. Your bite misses the black bear.
The black bear bites you but does no damage.
The black bear claws you.
The black bear barely misses you. 😮 HP[-1]
You take 1 damage, and now have 30/49 hp.
You hit the black bear.
Your bite misses the black bear. 😮 MP[+1]
Your mp is fully restored (7).
You hit the black bear. You bite the black bear.
You kill the black bear!
Trog accepts your kill. 😮 HP[+1]
You barely miss the orc wizard. You bite the orc wizard!
The orc wizard's magic leaks into the air.
You drain its magic.
Unknown command.
You barely miss the orc wizard.
The orc wizard closely misses you. 😮 HP[+1]
You barely miss the orc wizard. Your bite misses the orc wizard.
The orc wizard falters for a moment. 😮 HP[+1]
You barely miss the orc wizard. You barely miss the orc wizard.
Your bite misses the orc wizard.
The orc wizard falters for a moment. 😮 HP[+1]
You completely miss the orc wizard. You bite the orc wizard.
You feel the power of Trog in you as your rage grows.
You kill the orc wizard!
Trog accepts your kill.
Trog appreciates your killing of a magic user.
An orc comes into view. It is wielding a +0 club.
Your Throwing skill increases to level 2!
You punch something! You bite something. Trog accepts your kill.
Trog appreciates your killing of a magic user.
Reactivating autopickup.
You feel a bit more experienced.
Your Dodging skill increases to level 3! 😮 HP[+1]
The orc wizard hits you with a +0 dagger.
Items here: )) [[ ††. 😮 HP[-3]
You take 3 damage, and now have 32/49 hp.
You hit the orc wizard. You punch the orc wizard! You bite the orc wizard.
You kill the orc wizard!
Trog accepts your kill.
Trog appreciates your killing of a magic user. 😮 HP[+1]
You are no longer berserk.
You are exhausted.
You feel yourself slow down.
Things that are here:
a +0 dagger {short}; a +0 robe; 😮 HP[-11]
You now have 33 max hp (-16).
Unknown command.
Unknown command.
You hit the orc warrior but do no damage.
You bite the orc warrior. You drain its power.
The orc warrior hits you with a +0 halberd. 😮 HP[-1] MP[-1]
You take 1 damage, and now have 21/33 hp.
You lost 1 mp, and now have 6/7 mp.
You hit the orc warrior. Your bite misses the orc warrior.
The orc closely misses you.
The orc warrior hits you with a +0 halberd!
* * * LOW HITPOINT WARNING * * *
The orc warrior hits you with a +0 halberd!!
You die...

Skill      XL: |  1  2  3  4  5  6 |
---------------+-------------------+-----
Fighting       | 3 |  3.9
Dodging        | 2 3 |  3.0
Armour         | 2 |  2.9
Throwing       | 1 2 |  2.1
Unarmed Combat | 4 |  4.3

Action                   |  1- 3 |  4- 6 || total
-------------------------+-------+-------++-------
Melee: Unarmed           |    91 |   155 ||   246
       Bite              |    15 |    30 ||    45
       Punch             |     5 |     7 ||    12
Invok: Berserk           |     1 |     3 ||     4
  Use: Scroll            |       |     5 ||     5
 Stab: Sleeping          |       |     1 ||     1
Armor: Animal skin       |    17 |     1 ||    18
       Robe              |       |    25 ||    25
Dodge: Dodged            |    53 |    92 ||   145

Levels and vault maps discovered:
D:1:      dpeg_arrival_tiny_k, layout_loops_ring,
          shapermc_ecumenical_altar_mp_urbaneastern
D:2:      layout_loops_ring
D:3:      layout_loops_corners, gup_sewer_entry_glass,
          minmay_goblin_kobold_house
D:4:      layout_gridville
D:6:      layout_loops_corners, ebering_ghost_gozag, kb_rosetta,
          uniq_blork_the_orc, uniq_grinder, uniq_eustachio

Notes
Turn   | Place    | Note
-------+----------+-------------------------------------------
     0 | D:1      | spaghetti the Vine Stalker Berserker began the quest for
                  | the Orb.
     0 | D:1      | Reached XP level 1. HP: 11/11 MP: 2/2
     0 | D:1      | magus.rc [v1.9.6]
    70 | D:1      | Reached XP level 2. HP: 14/16 MP: 1/3
   125 | D:1      | Upgraded the game from 0.29-a0-577-gafbf2c5d25 to
                  | 0.29-a0-582-ge82337ba6a
   125 | D:1      | magus.rc [v1.9.6]
   696 | D:1      | Reached skill level 3 in Fighting
   696 | D:1      | Reached XP level 3. HP: 10/20 MP: 4/4
   905 | D:1      | Reached skill level 2 in Dodging
   967 | D:1      | Reached skill level 2 in Armour
   979 | D:1      | Reached ** piety under Trog
  1143 | D:1      | Found a faded altar of an unknown god.
  1593 | D:2      | Gained mutation: Your natural rate of healing is unusually
                  | fast. [Vine Stalker growth]
  1593 | D:2      | Reached XP level 4. HP: 16/24 MP: 5/5
  1762 | D:2      | Identified the +0 robe of Reason {Will+}
  2441 | D:3      | HP: 6/36 [orc/+0 flail (7)]
  2773 | D:3      | Reached XP level 5. HP: 28/28 MP: 6/6
  2788 | D:3      | Found a glowing drain.
  2837 | D:3      | Reached *** piety under Trog
  2838 | D:3      | Reached skill level 1 in Throwing
  3229 | D:4      | Reached skill level 4 in Unarmed Combat
  3281 | D:4      | Reached XP level 6. HP: 32/32 MP: 7/7
  3288 | D:4      | You fall into a shaft and drop 2 floors!
  3301 | D:6      | Noticed a black bear
  3301 | D:6      | Noticed an orc warrior
  3311 | D:6      | Killed a black bear
  3318 | D:6      | Reached skill level 2 in Throwing
  3319 | D:6      | Reached skill level 3 in Dodging
  3324 | D:6      | HP: 8/33 [orc warrior/+0 halberd (14)]
  3324 | D:6      | Mangled by an orc warrior

Vanquished Creatures
  A black bear (D:6)
  A hound (D:3)
  An iguana (D:4)
  4 orc wizards (D:6)
  7 adders
  An ufetubus (D:3)
  2 worms
  3 dart slugs (D:1)
  9 orcs
  6 bats
  3 endoplasms
  3 giant cockroaches
  7 goblins
  6 hobgoblins
  2 jackals (D:1)
  10 kobolds
  4 quokkas
  7 ball pythons
  3 frilled lizards
  10 rats
90 creatures vanquished.

Vanquished Creatures (others)
  2 fungi (D:1)
  A plant (D:1)
3 creatures vanquished.

Grand Total: 93 creatures vanquished

Table legend:
 A = Non-vault XP
 B = Vault XP
 C = Vault XP percentage of total XP
 D = Non-vault monster count
 E = Vault monster count
 F = Vault count percentage of total count
                 A         B        C        D         E       F
            +---------+---------+-------+---------+---------+-------
      Total |     559 |      34 |   5.7 |      84 |       6 |   6.7
            +---------+---------+-------+---------+---------+-------
        D:1 |      55 |       0 |   0.0 |      30 |       0 |   0.0
        D:2 |      55 |       0 |   0.0 |      20 |       0 |   0.0
        D:3 |      96 |      34 |  26.2 |      21 |       6 |  22.2
        D:4 |      83 |       0 |   0.0 |       7 |       0 |   0.0
        D:6 |     270 |       0 |   0.0 |       6 |       0 |   0.0
            +---------+---------+-------+---------+---------+-------

Illustrated notes

Table legend:
 A = Kills in this place as a percentage of kills in entire the game.
 B = Kills by you in this place as a percentage of kills by you in the entire game.
 C = Kills by friends in this place as a percentage of kills by friends in the entire game.
 D = Other kills in this place as a percentage of other kills in the entire game.
 E = Experience gained in this place as a percentage of experience gained in the entire game.
 F = Experience gained in this place divided by the number of levels of this place that you have seen.
                   A       B       C       D       E      F
               +-------+-------+-------+-------+-------+----------------------
         Total | 100.0 | 100.0 |   N/A |   N/A | 100.0 | 118.6
       Dungeon | 100.0 | 100.0 |   N/A |   N/A | 100.0 | 118.6
               +-------+-------+-------+-------+-------+----------------------

Table legend: (Time is in decaauts)
 A = Elapsed time spent in this place.
 B = Non-inter-level travel time spent in this place.
 C = Inter-level travel time spent in this place.
 D = Time resting spent in this place.
 E = Time spent auto-exploring this place.
 F = Levels seen in this place.
 G = Mean time per level.
                   A        B        C        D        E       F      G
               +--------+--------+--------+--------+--------+-----+--------+
         Total |   3330 |   3266 |     64 |     26 |   2674 |   5 |  666.0 |
       Dungeon |   3330 |   3266 |     64 |     26 |   2674 |   5 |  666.0 |
               +--------+--------+--------+--------+--------+-----+--------+

Top non-repeatable levels by time:
     D:1: 1477 daAuts
     D:3: 981 daAuts
     D:2: 734 daAuts
     D:4: 107 daAuts
     D:6: 29 daAuts
